 Dungeon Crawl Stone Soup version 0.28-a0-622-gbaef9634d7 (webtiles) character file.

Game seed: 4034014694008021926

10511 mordus the Severer (level 11, -7/82 HPs)
             Began as a Hill Orc Fighter on Oct 7, 2021.
             Was a Priest of Beogh.
             Mangled by a vampire (8 damage)
             ... on level 11 of the Dungeon.
             The game lasted 00:21:57 (13337 turns).

mordus the Severer (Hill Orc Fighter)              Turns: 13337, Time: 00:21:58

Health: -7/82      AC: 15    Str: 23    XL:     11   Next: 63%
Magic:  11/11      EV: 11    Int:  8    God:    Beogh [***...]
Gold:   709        SH:  6    Dex: 10    Spells: 10/10 levels left

rFire   + . .      SeeInvis .   D - +2 hand axe (freeze)
rCold   + . .      Faith    .   c - +0 buckler
rNeg    . . .      Spirit   .   F - +0 acid dragon scales
rPois   +          Reflect  .   (no helmet)
rElec   .          Harm     .   p - scarf {rC+ rF+}
rCorr   +          Rampage  .   l - +0 pair of gloves
Will    .....                   q - +0 pair of boots
Stlth   +.........              e - amulet of the acrobat
HPRegen 0.23/turn               f - +4 ring of protection
MPRegen 0.12/turn               K - ring of poison resistance

@: no status effects
A: no striking features
a: Renounce Religion, Smiting


You were on level 11 of the Dungeon.
You worshipped Beogh.
Beogh was most pleased with you.
You visited 1 branch of the dungeon, and saw 11 of its levels.
You also visited: Bailey.

You collected 709 gold pieces.

Inventory:

Hand Weapons
 a - a +0 war axe
 D - a +2 hand axe of freezing (weapon)
Missiles
 N - 2 throwing nets (quivered)
Armour
 b - a +0 scale mail
 c - a +0 buckler (worn)
 i - a +0 chain mail of cold resistance
 l - a +0 pair of gloves (worn)
 p - a scarf of resistance (worn)
 q - a +0 pair of boots (worn)
 F - +0 acid dragon scales (worn)
 G - a +2 leather armour of poison resistance
Jewellery
 e - an amulet of the acrobat (around neck)
 f - a +4 ring of protection (left hand)
 t - a ring of positive energy
 A - a ring of positive energy
 K - a ring of poison resistance (right hand)
 L - a ring of magical power
 O - a +6 ring of strength
Wands
 B - a wand of digging (6)
 E - a wand of polymorph (9)
 M - a wand of flame (23)
 P - a wand of iceblast (12)
 Q - a wand of paralysis (3)
Scrolls
 g - 2 scrolls of fog {unknown}
 h - 8 scrolls of teleportation {unknown}
 j - a scroll of noise {unknown}
 k - a scroll of summoning {unknown}
 m - 3 scrolls of vulnerability {unknown}
 r - 13 scrolls of identify {unknown}
 s - 2 scrolls of enchant weapon {unknown}
 w - a scroll of brand weapon {unknown}
 y - a scroll of immolation {unknown}
 C - a scroll of fear {unknown}
 H - a scroll of blinking
 R - a scroll of amnesia {unknown}
Potions
 d - 8 potions of might
 n - 2 potions of brilliance
 o - 4 potions of curing
 u - a potion of haste {unknown}
 v - 7 potions of flight {unknown}
 x - a potion of invisibility {unknown}
 z - a potion of cancellation {unknown}
 I - a potion of lignification {unknown}
Miscellaneous
 J - a condenser vane


   Skills:
 - Level 3.6 Fighting
 * Level 20.0 Axes
 + Level 10.5 Armour
 + Level 10.5 Shields


You had 10 spell levels left.
You didn't know any spells.
Your spell library contained the following spells:

 Spells                   Type           Power      Damage    Failure   Level
 Shock                    Conj/Air       0%         1d3       45%         1
 Ensorcelled Hibernation  Hex/Ice        0%         N/A       61%         2
 Slow                     Hex            0%         N/A       61%         2
 Static Discharge         Conj/Air       0%         N/A       61%         2
 Confusing Touch          Hex            0%         N/A       83%         3
 Conjure Flame            Conj/Fire      0%         6-21      83%         3
 Ignite Poison            Fire/Tmut/Pois 0%         N/A       83%         3
 Swiftness                Air            0%         N/A       83%         3
 Tukima's Dance           Hex            0%         N/A       83%         3
 Vampiric Draining        Necr           0%         2d6       83%         3
 Airstrike                Air            0%         N/A       99%         4
 Dispel Undead            Necr           0%         3d6       99%         4
 Sticky Flame             Conj/Fire      0%         2d3       99%         4


Dungeon Overview and Level Annotations

Branches:
Dungeon (11/15)            Temple (0/1) D:6             Orc (0/2) D:10
 Bailey (visited)
   Lair: D:8-11

Altars:
Ru
Xom
Beogh

Shops:
D:11 (

Annotations:
D:4 2 transporters
D:11 Nergalle


Message History

Something draws strength from your injuries!
You slash something! You barely miss something.
Something hits you but does no damage. Something bites you but does no damage.
You hit something. Something hits you. Something bites you but does no damage.
You hit something but do no damage. You hit something. You freeze something.
Something hits you but does no damage. Something bites you!
Something draws strength from your injuries!
You hit something. You hit something. Something draws life force from you!
You slash something! Something hits you.
Something bites you but does no damage.
You hit something but do no damage. You miss something. Something hits you.
* * * LOW HITPOINT WARNING * * *
Something bites you but does no damage.
You hit something but do no damage. You closely miss something.
Something hits you but does no damage. Something bites you but does no damage.
You miss something. Something hits you but does no damage.
You block something's attack.
You miss something. You barely miss something.
Something hits you but does no damage. Something bites you but does no damage.
You closely miss something. You hit something.
Something hits you but does no damage. Something bites you but does no damage.
You hit something but do no damage. Something draws life force from you.
* * * LOW HITPOINT WARNING * * *
You closely miss something. You hit something but do no damage.
Something draws life force from you!
* * * LOW HITPOINT WARNING * * *
You slash something! You freeze something. You miss something.
Something draws life force from you.
* * * LOW HITPOINT WARNING * * *
You hit something but do no damage. Something hits you.
* * * LOW HITPOINT WARNING * * *
Something bites you!
You die...

#.{.+ # #...# #.# #
#.... ..# # #.... #.# #
#..V. #.###########
#....# +............
#.... +............
#....######............
#....{@o...............
#####.oo...............
#...###...<.....###
#...# #.........# #...#
#.........# .....#
#####.....+ .......#
#.....# .........#
#.....# .........#
#.<...#


You could see 3 friendly orc warriors.

Vanquished Creatures
  Harold (D:8)
  Erica (D:7)
  A two-headed ogre (D:10)
  Pikel (D:6)
  A manticore (D:8)
  Maggie (D:7)
  Prince Ribbit (D:5)
  Sigmund (D:3)
  13 yaks
  4 wyverns
  A vampire mosquito (D:10)
  Menkaure (D:7)
  Duvessa (D:7)
  An acid dragon (D:10)
  7 orc warriors
  A sky beast (D:7)
  2 hornet zombies (D:7)
  An ice beast (D:8)
  3 ogres
  A wolf (D:11)
  9 centaurs
  Blork the orc (D:5)
  A kobold brigand (D:8)
  3 bullfrogs
  2 scorpions
  A gnoll sergeant (D:10)
  A water moccasin zombie (D:5)
  Dowan (D:7)
  A water moccasin skeleton (D:6)
  5 howler monkeys
  8 wights
  2 bullfrog zombies (D:5)
  A centaur zombie (D:8)
  4 hounds
  2 centaur skeletons
  3 orc priests
  2 jellies
  Natasha (twice) (D:4)
  2 iguanas
  8 orc wizards
  A killer bee zombie (D:9)
  A howler monkey zombie (D:8)
  10 gnolls
  A howler monkey skeleton (D:5)
  6 adders
  3 white imps
  An adder skeleton (D:4)
  3 worms (D:4)
  3 dart slugs
  22 orcs
  14 ball pythons
  2 endoplasms
  7 giant cockroaches
  10 goblins
  9 hobgoblins
  2 jackals (D:1)
  11 kobolds
  4 quokkas
  6 bats
  2 frilled lizards (D:1)
  4 rats
225 creatures vanquished.

Vanquished Creatures (collateral kills)
  2 vampire mosquitoes (D:10)
  A howler monkey (D:9)
3 creatures vanquished.

Vanquished Creatures (others)
  A fungus (D:5)
1 creature vanquished.

Grand Total: 229 creatures vanquished

Notes
Turn   | Place    | Note
-------+----------+-------------------------------------------
     0 | D:1      | mordus the Hill Orc Fighter began the quest for the Orb.
     0 | D:1      | Reached XP level 1. HP: 19/19 MP: 1/1
    24 | D:1      | Reached skill level 3 in Axes
   113 | D:1      | You fall into a shaft and drop 1 floor!
   225 | D:2      | Found a sacrificial altar of Ru.
   345 | D:2      | Reached XP level 2. HP: 24/26 MP: 2/2
   556 | D:2      | Reached XP level 3. HP: 27/31 MP: 3/3
   558 | D:2      | Reached skill level 4 in Axes
  1244 | D:3      | Noticed Sigmund
  1254 | D:3      | Reached XP level 4. HP: 36/39 MP: 4/4
  1269 | D:3      | Killed Sigmund
  1270 | D:3      | Reached skill level 5 in Axes
  1270 | D:3      | Reached XP level 5. HP: 32/45 MP: 5/5
  1270 | D:3      | Reached XP level 6. HP: 37/51 MP: 6/6
  1275 | D:3      | Reached skill level 6 in Axes
  2293 | D:4      | Found a transporter.
  2305 | D:4      | HP: 2/51 [acid (8)]
  2621 | D:4      | Found a transporter.
  2780 | D:4      | Noticed Natasha
  2789 | D:4      | Killed Natasha
  2790 | D:4      | Reached skill level 5 in Armour
  2790 | D:4      | Reached skill level 5 in Shields
  2818 | D:4      | Reached skill level 7 in Axes
  2818 | D:4      | Reached XP level 7. HP: 45/57 MP: 7/7
  2924 | D:4      | Found a shimmering altar of Xom.
  3012 | D:5      | Entered Level 5 of the Dungeon
  3012 | D:5      | Noticed Prince Ribbit
  3035 | D:5      | Killed Prince Ribbit
  3036 | D:5      | Reached skill level 8 in Axes
  3365 | D:5      | Noticed Blork the orc
  3372 | D:5      | Killed Blork the orc
  3373 | D:5      | Reached XP level 8. HP: 60/64 MP: 8/8
  3543 | D:5      | Reached skill level 9 in Axes
  5103 | D:1      | Found a faded altar of an unknown god.
  5318 | D:4      | Noticed Natasha
  5323 | D:4      | Killed Natasha
  5414 | D:6      | Reached skill level 10 in Axes
  5496 | D:6      | Found a staircase to the Ecumenical Temple.
  5499 | D:6      | Became a worshipper of Beogh the Brigand
  5620 | D:6      | Noticed Pikel
  5828 | D:6      | Reached XP level 9. HP: 67/70 MP: 9/9
  5912 | D:6      | Reached skill level 11 in Axes
  6145 | D:6      | Killed Pikel
  6146 | D:6      | Reached skill level 12 in Axes
  6609 | D:7      | Reached skill level 13 in Axes
  6770 | D:7      | Found a flagged portal.
  6777 | Bailey   | Entered a bailey
  6811 | Bailey   | Identified the +5 leather armour of Least Resistance {rF+
                  | Regen+ Dex+4}
  6821 | Bailey   | Found a bloodstained altar of Trog.
  7140 | D:7      | Reached * piety under Beogh
  7143 | D:7      | Reached skill level 14 in Axes
  7204 | D:7      | Noticed Menkaure
  7207 | D:7      | Killed Menkaure
  7293 | D:7      | Reached XP level 10. HP: 47/77 MP: 10/10
  7540 | D:7      | Noticed Maggie
  7561 | D:7      | Killed Maggie
  7562 | D:7      | Reached skill level 15 in Axes
  7653 | D:7      | Noticed Duvessa
  7653 | D:7      | Noticed Dowan
  7663 | D:7      | Killed Dowan
  7671 | D:7      | Killed Duvessa
  8229 | D:8      | Noticed Erica
  8229 | D:8      | Noticed a manticore
  8267 | D:7      | Killed Erica
  8268 | D:7      | Reached skill level 16 in Axes
  8639 | D:8      | Killed a manticore
  8766 | D:8      | You fall into a shaft and drop 3 floors!
  8816 | D:11     | Found Zypik's Weapon Emporium.
  8834 | D:11     | Reached skill level 17 in Axes
  8947 | D:10     | Entered Level 10 of the Dungeon
  9092 | D:10     | Reached ** piety under Beogh
  9106 | D:10     | Reached skill level 18 in Axes
  9332 | D:10     | Reached XP level 11. HP: 32/82 MP: 11/11
  9660 | D:10     | Found a staircase to the Orcish Mines.
  9667 | D:10     | Found a roughly hewn altar of Beogh.
  9850 | D:10     | Noticed a two-headed ogre
  9896 | D:10     | Killed a two-headed ogre
 10654 | D:8      | Noticed Harold
 10679 | D:8      | Killed Harold
 10680 | D:8      | Reached skill level 19 in Axes
 10680 | D:8      | Reached skill level 10 in Armour
 10680 | D:8      | Reached skill level 10 in Shields
 11406 | D:9      | Reached *** piety under Beogh
 13046 | D:10     | Reached skill level 20 in Axes
 13169 | D:11     | Noticed Nergalle
 13336 | D:11     | HP: 4/82 [something (6)]
 13337 | D:11     | HP: 1/82 [something (3)]
 13337 | D:11     | Mangled by a vampire

Illustrated notes

Levels and vault maps discovered:
D:1:      dpeg_arrival_solitude, layout_basic,
          hellmonk_ecumenical_altar_zigzags, chequers_serial_rivers_micro_c,
          minmay_quantized
D:2:      layout_loops_ring, basic_altar, minmay_small_reverse_x
D:3:      layout_basic, uniq_sigmund
D:4:      layout_rooms, lemuel_round_altar, gammafunk_ghost_abyssal_escape,
          uniq_natasha
D:5:      layout_layer_cave, minmay_misc_feat_plants, small_statue_intersection,
          uniq_prince_ribbit1, uniq_blork_the_orc
D:6:      layout_loops_ring, minmay_temple_entry_proselytizer,
          minmay_manual_mares, uniq_pikel
D:7:      layout_basic, enter_bailey_3, uniq_duvessa, uniq_menkaure, uniq_maggie
D:8:      layout_cave_pools, nicolae_water_bricks, st_stairs_4, minivault_19,
          chequers_serial_rivers_small_3, uniq_harold, uniq_erica
D:9:      layout_basic
D:10:     layout_stronghold, minmay_orc_entry_temple_small, evilmike_minifort
D:11:     layout_irregular_city, erik_lair_island, serial_shops, shop_fountains,
          uniq_nergalle

Skill      XL: |  1  2  3  4  5  6  7  8  9 10 11 |
---------------+----------------------------------+-----
Axes           | 3 4 5 7 8 10 14 18 20 | 20.0
Armour         | 4 5 6 8 9 10 | 10.5
Shields        | 4 5 6 8 9 10 | 10.5
Fighting       | |  3.6

Action                   |  1- 3 |  4- 6 |  7- 9 | 10-12 || total
-------------------------+-------+-------+-------+-------++-------
Melee: War axe           |    68 |   127 |   357 |       ||   552
       Hand axe          |       |       |    21 |   473 ||   494
Invok: Convert to Beogh  |       |       |     1 |       ||     1
  Use: Potion            |       |       |       |     4 ||     4
 Stab: Distracted        |       |       |       |     1 ||     1
Armor: Scale mail        |    36 |    77 |   184 |     1 ||   298
       Acid dragon scale |       |       |       |   125 ||   125
Dodge: Dodged            |    37 |    46 |   202 |   165 ||   450
Block: Buckler           |    16 |    16 |    83 |    86 ||   201

Table legend: (Time is in decaauts)
 A = Elapsed time spent in this place.
 B = Non-inter-level travel time spent in this place.
 C = Inter-level travel time spent in this place.
 D = Time resting spent in this place.
 E = Time spent auto-exploring this place.
 F = Levels seen in this place.
 G = Mean time per level.
                   A        B        C        D        E       F      G
               +--------+--------+--------+--------+--------+-----+--------+
         Total |  13242 |  12861 |    381 |   3157 |   7345 |  12 | 1103.5 |
       Dungeon |  12923 |  12542 |    381 |   2954 |   7319 |  11 | 1174.8 |
        Bailey |    319 |    319 |      0 |    203 |     26 |   1 |  319.0 |
               +--------+--------+--------+--------+--------+-----+--------+

Top non-repeatable levels by time:
    D:10: 2245 daAuts
     D:7: 1846 daAuts
     D:5: 1610 daAuts
     D:6: 1183 daAuts
     D:9: 1137 daAuts
     D:4: 1056 daAuts
     D:2: 1047 daAuts
     D:3: 960 daAuts
     D:8: 882 daAuts
     D:1: 745 daAuts
  Bailey: 319 daAuts
    D:11: 207 daAuts
